TOP OF THE 1ST |
Kannapolis Intimidators batting - Pitching for Burlington Bees : RHP John Palumbo
|
Pitching: RHP John Palumbo
|
|
Batting: SHB Jay Gagnon
|
0-0: Foul Ball, location: 2F 0-1: Foul Ball, location: 2F 0-2: Strikes out swinging
|
Batting: LHB Matt Hyde
|
0-0: Ball 1-0: Ball 2-0: Called Strike 2-1: Foul Ball, location: 2F 2-2: Ball 3-2: SINGLE (Groundball, 6D, EV 101.9 MPH)
|
Batting: SHB Ruben Velasco Jr.
|
0-0: Ball 1-0: Ball 2-0: Ball 3-0: Base on Balls Matt Hyde to second
|
Batting: RHB Mike Manchester
|
0-0: Called Strike 0-1: Foul Ball, location: 2F 0-2: 3-RUN HOME RUN (Flyball, 89XD, EV 100.6 MPH), Distance : 390 ft
|
Batting: RHB Mike Warzecha
|
0-0: Called Strike 0-1: Swinging Strike 0-2: Foul Ball, location: 2F 0-2: Fly out, F5 (Popup, 5, EV 71.2 MPH)
|
Batting: LHB Edgar Castillo
|
0-0: Ball 1-0: Ball 2-0: Ball 3-0: Called Strike 3-1: Called Strike 3-2: Foul Ball, location: 2F 3-2: Foul Ball, location: 2F 3-2: Base on Balls
|
Batting: RHB Edgar Landim
|
0-0: Called Strike 0-1: Ball 1-1: Foul Ball, location: 2F 1-2: Strikes out swinging
|
Top of the 1st over - 3 runs, 2 hits, 0 errors, 1 left on base; Kannapolis 3 - Burlington 0 |
BOTTOM OF THE 1ST |
Burlington Bees batting - Pitching for Kannapolis Intimidators : RHP Mike Mik
|
Pitching: RHP Mike Mik
|
|
Batting: RHB Khalil Thurston
|
0-0: Foul Ball, location: 2F 0-1: Fly out, F9 (Flyball, 9D, EV 89.4 MPH)
|
Batting: RHB Danny Bjarnson
|
0-0: Ground out 6-3 (Groundball, 6S, EV 67.5 MPH)
|
Batting: LHB Mark Reeg
|
0-0: Ball 1-0: Ball 2-0: Ball 3-0: Called Strike 3-1: Fly out, F4 (Line Drive, 4, EV 73.8 MPH)
|
Bottom of the 1st over - 0 runs, 0 hits, 0 errors, 0 left on base; Kannapolis 3 - Burlington 0 |
TOP OF THE 2ND |
Kannapolis Intimidators batting - Pitching for Burlington Bees : RHP John Palumbo
|
Batting: RHB Jose Marquez
|
0-0: Foul Ball, location: 2F 0-1: Ball 1-1: Called Strike 1-2: Ground out 6-3 (Groundball, 6, EV 100.6 MPH)
|
Batting: RHB Jerry Edmiston
|
0-0: SINGLE (Groundball, 6MD, EV 108.1 MPH)
|
Batting: SHB Jay Gagnon
|
0-0: Called Strike 0-1: Foul Ball, location: 2F 0-2: Fielders Choice at 2nd, 1-4 (Groundball, 15S, EV 66.9 MPH)
|
Batting: LHB Matt Hyde
|
0-0: Swinging Strike 0-1: Ball 1-1: Called Strike Jay Gagnon steals 2nd base 1-2: Foul Ball, location: 2F 1-2: Strikes out swinging
|
Top of the 2nd over - 0 runs, 1 hit, 0 errors, 1 left on base; Kannapolis 3 - Burlington 0 |
BOTTOM OF THE 2ND |
Burlington Bees batting - Pitching for Kannapolis Intimidators : RHP Mike Mik
|
Batting: RHB Josh Faulconer
|
0-0: SINGLE (Groundball, 4M, EV 107.5 MPH) (infield hit)
|
Batting: RHB Kinya Nishimura
|
0-0: Ball 1-0: Fielders Choice at 2nd, 5-4 (Groundball, 56, EV 106.9 MPH)
|
Batting: RHB Timoleon Tsikouna
|
0-0: Called Strike 0-1: SINGLE (Groundball, 6M, EV 103.8 MPH) (infield hit) Kinya Nishimura to second
|
Batting: RHB Ryan Pelletier
|
0-0: Ball 1-0: Fielders Choice at 2nd, 5-4 (Groundball, 5, EV 90.0 MPH) Kinya Nishimura to third
|
Batting: LHB Barrfhionn O'Toole
|
0-0: Ball 1-0: Ball 2-0: Ball 3-0: Called Strike 3-1: Swinging Strike 3-2: DOUBLE (Line Drive, 78XD, EV 108.8 MPH) Kinya Nishimura scores Ryan Pelletier to third Ryan Pelletier scores
|
Batting: LHB Adam Barry
|
0-0: Foul Ball, location: 2F 0-1: Swinging Strike 0-2: Ball 1-2: Foul Ball, location: 2F 1-2: DOUBLE (Groundball, 3L, EV 98.8 MPH) Barrfhionn O'Toole scores
|
Batting: RHB Khalil Thurston
|
0-0: Ball 1-0: Ball 2-0: Called Strike 2-1: Ball 3-1: SINGLE (Line Drive, 89M, EV 101.9 MPH) Adam Barry to third
|
Batting: RHB Danny Bjarnson
|
0-0: Swinging Strike 0-1: Called Strike 0-2: Ball 1-2: Strikes out looking
|
Bottom of the 2nd over - 3 runs, 5 hits, 0 errors, 2 left on base; Kannapolis 3 - Burlington 3 |
TOP OF THE 3RD |
Kannapolis Intimidators batting - Pitching for Burlington Bees : RHP John Palumbo
|
Batting: SHB Ruben Velasco Jr.
|
0-0: Ball 1-0: Ball 2-0: Ball 3-0: Called Strike 3-1: Foul Ball, location: 2F 3-2: Base on Balls
|
Batting: RHB Mike Manchester
|
0-0: Ground out 4-3 (Groundball, 34S, EV 88.1 MPH) Ruben Velasco Jr. to second
|
Batting: RHB Mike Warzecha
|
0-0: Ball 1-0: Ball 2-0: Ground out 6-3 (Groundball, 6, EV 109.4 MPH)
|
Batting: LHB Edgar Castillo
|
0-0: Ball 1-0: Called Strike 1-1: Ball 2-1: Foul Ball, location: 2F 2-2: Foul Ball, location: 2F 2-2: Ground out 5-3 (Groundball, 5, EV 103.8 MPH)
|
Top of the 3rd over - 0 runs, 0 hits, 0 errors, 1 left on base; Kannapolis 3 - Burlington 3 |
BOTTOM OF THE 3RD |
Burlington Bees batting - Pitching for Kannapolis Intimidators : RHP Mike Mik
|
Batting: LHB Mark Reeg
|
0-0: Ball 1-0: Ball 2-0: Ball 3-0: Called Strike 3-1: Foul Ball, location: 2F 3-2: Strikes out swinging
|
Batting: RHB Josh Faulconer
|
0-0: Ball 1-0: Called Strike 1-1: Ball 2-1: Foul Ball, location: 2F 2-2: Foul Ball, location: 2F 2-2: Strikes out swinging
|
Batting: RHB Kinya Nishimura
|
0-0: Called Strike 0-1: DOUBLE (Line Drive, 3D, EV 107.5 MPH)
|
Batting: RHB Timoleon Tsikouna
|
0-0: Ball 1-0: Ball 2-0: Ball 3-0: Called Strike 3-1: Foul Ball, location: 2F 3-2: DOUBLE (Line Drive, 7LM, EV 99.4 MPH) Kinya Nishimura scores
|
Batting: RHB Ryan Pelletier
|
0-0: SINGLE (Groundball, 56D, EV 93.8 MPH) Timoleon Tsikouna to third Runner from 3rd tries for Home, SAFE, throw by LF to home
|
Pitching: RHP Marvin Velasco
|
|
Batting: LHB Barrfhionn O'Toole
|
0-0: Foul Ball, location: 2F 0-1: Ball 1-1: Fly out, F9 (Flyball, 9LSF, EV 94.4 MPH)
|
Bottom of the 3rd over - 2 runs, 3 hits, 0 errors, 1 left on base; Kannapolis 3 - Burlington 5 |
TOP OF THE 4TH |
Kannapolis Intimidators batting - Pitching for Burlington Bees : RHP John Palumbo
|
Batting: RHB Edgar Landim
|
0-0: Hit by Pitch
|
Batting: RHB Jose Marquez
|
0-0: Ball 1-0: Ball Wild Pitch! Edgar Landim to second 2-0: Foul Ball, location: 2F 2-1: Swinging Strike 2-2: Ball 3-2: Strikes out swinging
|
Batting: RHB Jerry Edmiston
|
0-0: Foul Ball, location: 2F 0-1: SINGLE (Groundball, 6D, EV 103.8 MPH) Edgar Landim to third
|
Batting: SHB Jay Gagnon
|
0-0: Called Strike 0-1: Ball 1-1: Called Strike 1-2: Strikes out swinging
|
Batting: LHB Matt Hyde
|
0-0: Called Strike 0-1: Ball 1-1: Called Strike 1-2: Strikes out looking
|
Top of the 4th over - 0 runs, 1 hit, 0 errors, 2 left on base; Kannapolis 3 - Burlington 5 |
BOTTOM OF THE 4TH |
Burlington Bees batting - Pitching for Kannapolis Intimidators : RHP Marvin Velasco
|
Batting: LHB Adam Barry
|
0-0: Ball 1-0: Ball 2-0: Fly out, F8 (Line Drive, 8RD, EV 95.6 MPH)
|
Batting: RHB Khalil Thurston
|
0-0: Fly out, F1 (Popup, P, EV 73.1 MPH)
|
Batting: RHB Danny Bjarnson
|
0-0: Ball 1-0: Ball 2-0: SINGLE (Groundball, 25, EV 65.0 MPH) (infield hit)
|
Batting: LHB Mark Reeg
|
0-0: Fly out, F9 (Flyball, 89S, EV 96.2 MPH)
|
Bottom of the 4th over - 0 runs, 1 hit, 0 errors, 1 left on base; Kannapolis 3 - Burlington 5 |
TOP OF THE 5TH |
Kannapolis Intimidators batting - Pitching for Burlington Bees : RHP John Palumbo
|
Batting: SHB Ruben Velasco Jr.
|
0-0: Called Strike 0-1: Ball 1-1: Foul Ball, location: 2F 1-2: Strikes out swinging
|
Batting: RHB Mike Manchester
|
0-0: Swinging Strike 0-1: Called Strike 0-2: Ball 1-2: Strikes out swinging
|
Batting: RHB Mike Warzecha
|
0-0: Ball 1-0: Ball 2-0: Fly out, F7 (Flyball, 7D, EV 103.8 MPH)
|
Top of the 5th over - 0 runs, 0 hits, 0 errors, 0 left on base; Kannapolis 3 - Burlington 5 |
BOTTOM OF THE 5TH |
Burlington Bees batting - Pitching for Kannapolis Intimidators : RHP Marvin Velasco
|
Batting: RHB Josh Faulconer
|
0-0: Called Strike 0-1: Fly out, F8 (Flyball, 8RXD, EV 103.1 MPH)
|
Batting: RHB Kinya Nishimura
|
0-0: Ball 1-0: Ground out 3-1 (Groundball, 13, EV 86.9 MPH)
|
Batting: RHB Timoleon Tsikouna
|
0-0: Ball 1-0: Called Strike 1-1: Foul Ball, location: 2F 1-2: Foul Ball, location: 2F 1-2: Ball 2-2: DOUBLE (Line Drive, 9LS, EV 108.8 MPH)
|
Batting: RHB Ryan Pelletier
|
0-0: Called Strike 0-1: Ball 1-1: SINGLE (Line Drive, 6MD, EV 95.0 MPH) Timoleon Tsikouna to third Runner from 3rd tries for Home, throw by CF and OUT! 8-2
|
Bottom of the 5th over - 0 runs, 2 hits, 0 errors, 1 left on base; Kannapolis 3 - Burlington 5 |
TOP OF THE 6TH |
Kannapolis Intimidators batting - Pitching for Burlington Bees : RHP John Palumbo
|
Pitching: LHP Paul Griffin
|
|
Batting: LHB Edgar Castillo
|
0-0: Foul Ball, location: 2F 0-1: Fly out, F9 (Flyball, 9LS, EV 95.6 MPH)
|
Batting: RHB Edgar Landim
|
0-0: Ball 1-0: Ground out U3 (Groundball, 34S, EV 86.9 MPH)
|
Batting: RHB Jose Marquez
|
0-0: Called Strike 0-1: Called Strike 0-2: Ball 1-2: Fly out, F8 (Flyball, 8LD, EV 90.6 MPH)
|
Top of the 6th over - 0 runs, 0 hits, 0 errors, 0 left on base; Kannapolis 3 - Burlington 5 |
BOTTOM OF THE 6TH |
Burlington Bees batting - Pitching for Kannapolis Intimidators : RHP Marvin Velasco
|
Batting: LHB Barrfhionn O'Toole
|
0-0: Ball 1-0: Ball 2-0: Swinging Strike 2-1: Foul Ball, location: 2F 2-2: Fly out, F8 (Flyball, 8LD, EV 95.6 MPH)
|
Batting: LHB Adam Barry
|
0-0: Ball 1-0: Ball 2-0: Called Strike 2-1: Ball 3-1: Foul Ball, location: 2F 3-2: DOUBLE (Line Drive, 3D, EV 104.4 MPH)
|
Batting: RHB Khalil Thurston
|
0-0: Ball 1-0: Ball 2-0: Called Strike 2-1: Called Strike 2-2: Fly out, F8 (Flyball, 8RM, EV 93.1 MPH)
|
Batting: RHB Danny Bjarnson
|
0-0: Foul Ball, location: 2F 0-1: Ball 1-1: Ball 2-1: Fly out, F8 (Flyball, 89D, EV 94.4 MPH)
|
Bottom of the 6th over - 0 runs, 1 hit, 0 errors, 1 left on base; Kannapolis 3 - Burlington 5 |
TOP OF THE 7TH |
Kannapolis Intimidators batting - Pitching for Burlington Bees : LHP Paul Griffin
|
Batting: RHB Jerry Edmiston
|
0-0: Called Strike 0-1: Called Strike 0-2: Ball 1-2: Foul Ball, location: 2F 1-2: SINGLE (Groundball, 56D, EV 96.9 MPH)
|
Batting: SHB Jay Gagnon
|
0-0: Ground out 4-3 (Groundball, 4S, EV 68.1 MPH) Jerry Edmiston to second
|
Pinch Hitting: RHB Mark Jones
|
0-0: Ball 1-0: Foul Ball, location: 2F 1-1: Swinging Strike 1-2: Ground out 3-1 (Groundball, 34, EV 86.9 MPH) Jerry Edmiston to third
|
Batting: SHB Ruben Velasco Jr.
|
0-0: Called Strike 0-1: Ball 1-1: Swinging Strike 1-2: Ball 2-2: Strikes out swinging
|
Top of the 7th over - 0 runs, 1 hit, 0 errors, 1 left on base; Kannapolis 3 - Burlington 5 |
BOTTOM OF THE 7TH |
Burlington Bees batting - Pitching for Kannapolis Intimidators : RHP Marvin Velasco
|
Pitching: LHP Travis Sergo
|
|
Now at 1B: Jose Castillo
|
|
Batting: LHB Mark Reeg
|
0-0: Fly out, F7 (Flyball, 7D, EV 80.0 MPH)
|
Batting: RHB Josh Faulconer
|
0-0: Foul Ball, location: 2F 0-1: Ball 1-1: Swinging Strike 1-2: Ball 2-2: Ball 3-2: Strikes out looking
|
Batting: RHB Kinya Nishimura
|
0-0: Ball 1-0: Called Strike 1-1: DOUBLE (Line Drive, 5D, EV 103.8 MPH)
|
Batting: RHB Timoleon Tsikouna
|
0-0: Called Strike 0-1: Ground out 4-3 (Groundball, 4M, EV 100.0 MPH)
|
Bottom of the 7th over - 0 runs, 1 hit, 0 errors, 1 left on base; Kannapolis 3 - Burlington 5 |
TOP OF THE 8TH |
Kannapolis Intimidators batting - Pitching for Burlington Bees : LHP Paul Griffin
|
Now in LF: Davey Verhoog
|
|
Batting: RHB Mike Manchester
|
0-0: Ball 1-0: Called Strike 1-1: Foul Ball, location: 2F 1-2: Strikes out swinging
|
Batting: RHB Mike Warzecha
|
0-0: Ball 1-0: Called Strike 1-1: Swinging Strike 1-2: Strikes out looking
|
Batting: LHB Edgar Castillo
|
0-0: Called Strike 0-1: Ball 1-1: Fly out, F6 (Line Drive, 6D, EV 70.6 MPH)
|
Top of the 8th over - 0 runs, 0 hits, 0 errors, 0 left on base; Kannapolis 3 - Burlington 5 |
BOTTOM OF THE 8TH |
Burlington Bees batting - Pitching for Kannapolis Intimidators : LHP Travis Sergo
|
Batting: RHB Ryan Pelletier
|
0-0: Called Strike 0-1: Ground out 5-3 (Groundball, 56, EV 98.1 MPH)
|
Batting: LHB Barrfhionn O'Toole
|
0-0: Foul Ball, location: 2F 0-1: Ground out U3 (Groundball, 34, EV 80.0 MPH)
|
Batting: LHB Adam Barry
|
0-0: SINGLE (Line Drive, 6MD, EV 95.6 MPH)
|
Batting: RHB Khalil Thurston
|
0-0: Ball 1-0: Called Strike 1-1: Swinging Strike 1-2: Strikes out looking
|
Bottom of the 8th over - 0 runs, 1 hit, 0 errors, 1 left on base; Kannapolis 3 - Burlington 5 |
TOP OF THE 9TH |
Kannapolis Intimidators batting - Pitching for Burlington Bees : LHP Paul Griffin
|
Pitching: RHP Nick Madrid
|
|
Batting: RHB Edgar Landim
|
0-0: Ball 1-0: Hit by Pitch
|
Pinch Hitting: LHB Dalton Silveira
|
0-0: Called Strike 0-1: Ball 1-1: DOUBLE (Line Drive, 78D, EV 108.1 MPH) Edgar Landim to third
|
Pinch Hitting: LHB Ryan Dyal
|
0-0: Swinging Strike 0-1: Foul Ball, location: 2F 0-2: Ball 1-2: Ball 2-2: Foul Ball, location: 2F 2-2: Ground out 6-3 (Groundball, 6D, EV 103.1 MPH) Edgar Landim scores
|
Batting: SHB Jay Gagnon
|
0-0: Swinging Strike 0-1: SINGLE (Groundball, 56D, EV 99.4 MPH) Dalton Silveira to third Runner from 3rd tries for Home, SAFE, throw by LF to home Jay Gagnon to second
|
Batting: SHB Jose Castillo
|
0-0: Ball Jay Gagnon steals 3rd base 1-0: SINGLE (Groundball, 6D, EV 105.6 MPH) Jay Gagnon scores
|
Batting: SHB Ruben Velasco Jr.
|
0-0: Ball 1-0: Ball 2-0: Ball 3-0: Called Strike 3-1: Base on Balls Jose Castillo to second
|
Batting: RHB Mike Manchester
|
0-0: Called Strike 0-1: Foul Ball, location: 2F 0-2: Ball 1-2: Fielders Choice at 2nd, 6-4 (Groundball, 56, EV 83.8 MPH) Jose Castillo to third
|
Batting: RHB Mike Warzecha
|
0-0: Foul Ball, location: 2F 0-1: Ball 1-1: Fly out, F8 (Line Drive, 8LD, EV 100.0 MPH)
|
Top of the 9th over - 3 runs, 3 hits, 0 errors, 2 left on base; Kannapolis 6 - Burlington 5 |
BOTTOM OF THE 9TH |
Burlington Bees batting - Pitching for Kannapolis Intimidators : LHP Travis Sergo
|
Pitching: RHP Nate Myers
|
|
Now at C: Ryan Rodgers
|
|
Now at 3B: Dalton Silveira
|
|
Now at SS: Mike Manchester
|
|
Pinch Hitting: LHB Brett Bugge
|
0-0: Ball 1-0: Ball 2-0: Ground out 6-3 (Groundball, 6, EV 86.2 MPH)
|
Batting: RHB Davey Verhoog
|
0-0: Called Strike 0-1: Foul Ball, location: 2F 0-2: Ground out 4-3 (Groundball, 34, EV 100.6 MPH)
|
Batting: RHB Josh Faulconer
|
0-0: Foul Ball, location: 2F 0-1: Foul Ball, location: 2F 0-2: Foul Ball, location: 2F 0-2: Ground out 6-3 (Groundball, 6MS, EV 81.9 MPH)
|
Bottom of the 9th over - 0 runs, 0 hits, 0 errors, 0 left on base; Kannapolis 6 - Burlington 5 |
|